AoeStats
← david.cc

Arabia

507599373Analyzed
1v1 RM · 13d ago on Sep 18, 2026· 65m 7s· 2 players
Game mode
Random Map
Map size
Tiny (2 player)
Population
200
Speed
Normal
Resources
Standard
Victory
Conquest
Starting age
Dark Age
Ending age
Imperial Age
RankedLock teamsTeams togetherTeam positionsShared explorationLock speedFull tech treeHidden civsTurbo modeCheats
Victory
Defeat
🇨🇴 Slavs · Colombia
802
+17
🇧🇷 Lithuanians · Brazil
831
-17
Ysrael
9:02 Feudal Age
9:28 Double-Bit Axe
9:35 Horse Collar
12:38 Loom
14:32 Wheelbarrow
18:33 Arson
20:35 Gold Mining
20:36 Stone Mining
22:54 Bloodlines
26:25 Town Watch
30:05 Castle Age
28:24 Fletching
28:57 Forging
30:19 Crossbowman
33:02 Bow Saw
32:53 Heavy Plow
33:12 Hand Cart
32:57 Pikeman
33:38 Squires
34:37 Man-at-Arms
36:38 Stone Shaft Mining
37:05 Thumb Ring
38:26 Husbandry
41:16 Town Patrol
48:12 Ballistics
47:48 Murder Holes
47:34 Treadmill Crane
47:47 Heated Shot
48:07 Fortified Wall
50:04 Elite Skirmisher
56:39 Imperial Age
55:01 Bodkin Arrow
55:42 Iron Casting
55:09 Scale Mail Armor
55:09 Padded Archer Armor
58:34 Halberdier
63:32 Crop Rotation
64:04 Two-Man Saw
63:07 Bracer
63:09 Padded Archer Armor
david.cc
7:55 Loom
10:06 Feudal Age
10:39 Double-Bit Axe
12:20 Man-at-Arms
15:30 Gold Mining
18:01 Horse Collar
19:45 Forging
19:37 Scale Mail Armor
21:17 Scale Barding Armor
21:58 Bloodlines
22:31 Fletching
25:09 Padded Archer Armor
32:00 Castle Age
31:42 Stone Mining
33:07 Squires
33:47 Iron Casting
32:35 Long Swordsman
33:17 Squires
33:31 Bow Saw
34:28 Gold Shaft Mining
34:30 Wheelbarrow
34:28 Chain Mail Armor
34:00 Pikeman
35:05 Elite Skirmisher
35:52 Husbandry
44:19 Masonry
47:39 Imperial Age
45:12 Bodkin Arrow
45:34 Hand Cart
48:01 Two-Handed Swordsman
49:46 Blast Furnace
48:20 Cavalier
48:59 Capped Ram
49:30 Champion
51:31 Ballistics
53:26 Conscription
54:40 Chemistry
54:06 Town Watch
55:40 Siege Engineers
58:00 Chain Barding Armor
58:40 Murder Holes
61:04 Plate Barding Armor
61:00 Detinets
64:04 Heavy Plow
Connection lost

Rejoining the realm…

Still unreachable

The connection could not be restored.

Session expired

The server has moved on; the page needs a fresh start.